 Dungeon Crawl Stone Soup version 0.29.1-15-g9cfb28693d (webtiles) character file.

Game seed: 8556693298852650386

15 Gustavia the Grave Robber (level 2, -1/19 HPs)
             Began as a Demonspawn Necromancer on Feb 28, 2023.
             Slain by a black bear (2 damage)
             ... created by the rage of Trog
             ... on level 1 of the Dungeon.
             The game lasted 00:05:23 (792 turns).

Gustavia the Grave Robber (Demonspawn Necromancer)   Turns: 792, Time: 00:05:26

Health: -1/19      AC:  2    Str:  8    XL:     2   Next: 34%
Magic:  5/5        EV: 12    Int: 16    God:
Gold:   22         SH:  0    Dex: 13    Spells: 4/5 levels left

rFire   . . .      SeeInvis .   c - +0 spear
rCold   . . .      Faith    .   (no shield)
rNeg    . . .      Spirit   .   a - +0 robe
rPois   .          Reflect  .   (no helmet)
rElec   .          Harm     .   (no cloak)
rCorr   .          Rampage  .   (no gloves)
Will    .....                   (no boots)
Stlth   ++........              (no amulet)
HPRegen 0.06/turn               (no ring)
MPRegen 0.09/turn               (no ring)

@: no status effects
A: weakness stinger 1
a: no special abilities


You were on level 1 of the Dungeon.
You visited 1 branch of the dungeon, and saw 1 of its levels.

You collected 22 gold pieces.

Inventory:

Hand Weapons
 c - a +0 spear (weapon)
Armour
 a - a +0 robe (worn)
Potions
 b - a potion of magic
 d - a potion of flight {unknown}


   Skills:
 + Level 1.8 Dodging
 + Level 2.0 Stealth
 - Level 2.2 Spellcasting
 - Level 4.8 Necromancy


You had 4 spell levels left.
You knew the following spells:

 Your Spells              Type           Power      Damage    Failure   Level
a - Necrotise             Necr           68%        1d7       2%          1

Your spell library contained the following spells:

 Spells                   Type           Power      Damage    Failure   Level
 Vampiric Draining        Necr           17%        2d7       9%          3
 Animate Dead             Necr           17%        N/A       28%         4
 Agony                    Necr           17%        N/A       61%         5


Dungeon Overview and Level Annotations

Branches:
Dungeon (1/15)

Altars:
Trog


Innate Abilities, Weirdness & Mutations

You have a small tail.


Message History

Press: ? - help, Shift-Dir - straight line, f - bat
Aim: a bat (ally target, chance to affect: 87%)
The bat barely resists.
The bat hits you.
Casting: Necrotise (safe; 2% risk of failure)
Confirm with . or Enter, or press ? or * to list all spells.
Aiming: Necrotise (safe; 2% risk of failure)
Press: ? - help, Shift-Dir - straight line, f/p - bat
Aim: a bat (ally target, chance to affect: 87%)
The bat writhes in agony.
You kill the bat!
The dead are flying!
Your Stealth skill increases to level 2!
You swap places.
You swap places.
You now have 22 gold pieces (gained 10).
There are no items here.
You swap places.
Found a hand axe.
Your rat skeleton crumbles into dust!
You swap places.
You swap places.
A frilled lizard comes into view.
Your bat skeleton crumbles into dust!
There is an empty arch of ancient stone here.
You hit the frilled lizard.
You kill the frilled lizard!
Trog sends monsters to punish you. 2 black bears and a polar bear come into view.
You completely miss the black bear. You hit the black bear.
The black bear is lightly wounded.
The black bear rages.
The black bear bites you. The black bear claws you. x2
You hit the black bear.
The black bear is lightly wounded.
The black bear bites you but does no damage.
The black bear claws you.
* * * LOW HITPOINT WARNING * * *
The black bear claws you.
You die...

....... #....#.........#
.....##########....#####'#####
#...........##.............#
#........)..##.............###
#...........##...†............
#...........#####∩..8..8..∩...
#...........# #...............
#...........###.#.............
+..........hh@h..∩..8.....∩..∩
#...........#####.............
#.......†...# #.............
#...........# #♣..♣..∩..♣..∩
#...........#####.............
#####...........#.............
###########.#♣..♣..♣..♣..♣
#...............
###.............


You could see a polar bear (berserk) and 2 black bears.

Vanquished Creatures
  A ball python (D:1)
  An endoplasm (D:1)
  4 giant cockroaches (D:1)
  A hobgoblin (D:1)
  3 bats (D:1)
  2 frilled lizards (D:1)
  A rat (D:1)
13 creatures vanquished.

Vanquished Creatures (collateral kills)
  A rat (D:1)
1 creature vanquished.

Grand Total: 14 creatures vanquished

Notes
Turn   | Place    | Note
-------+----------+-------------------------------------------
     0 | D:1      | Gustavia the Demonspawn Necromancer began the quest for the
                  | Orb.
     0 | D:1      | Reached XP level 1. HP: 13/13 MP: 3/3
   542 | D:1      | Discovered your monstrous ancestry.
   542 | D:1      | Gained mutation: You have a small tail. [demonic ancestry]
   542 | D:1      | Reached XP level 2. HP: 19/19 MP: 0/5
   708 | D:1      | Found a faded altar of an unknown god.
   719 | D:1      | Prayed at the altar of an unknown god.
   719 | D:1      | Became a worshipper of Trog the Wrathful
   719 | D:1      | Reached * piety under Trog
   733 | D:1      | Fell from the grace of Trog
   790 | D:1      | Noticed a black bear
   790 | D:1      | Noticed a black bear
   790 | D:1      | Noticed a polar bear
   792 | D:1      | Slain by a black bear

Illustrated notes

Levels and vault maps discovered:
D:1:      scummos_arrival_forest, layout_basic,
          hellmonk_ecumenical_altar_arch_garden, kennysheep_flooded_box

Skill      XL: |  1  2 |
---------------+-------+-----
Stealth        | 2 |  2.0
Dodging        | |  1.8
Spellcasting   | |  2.2
Necromancy     | |  4.8

Action                   || total
-------------------------++-------
Melee: Unarmed           ||    12
       Spear             ||     8
 Cast: Necrotise         ||    22
Invok: Renounce Religion ||     1
  Use: Potion            ||     1
Armor: Robe              ||     6
Dodge: Dodged            ||    19
